AoeStats
← twitch: aoe2_billybadbeat III

African Clearing

505538189Analyzed
2v2 RM · 21d ago on Sep 9, 2026· 54m 39s· 4 players
Game mode
Random Map
Map size
Medium (4 player)
Population
200
Speed
Normal
Resources
Standard
Victory
Conquest
Starting age
Dark Age
Ending age
Imperial Age
RankedLock teamsTeams togetherTeam positionsShared explorationLock speedFull tech treeHidden civsTurbo modeCheats
Victory
Defeat
🇦🇷 Mongols · Argentina
1562
+13
1442
+19
🇧🇷 Tupi · Brazil
1525
-17
🇧🇷 Khmer · Brazil
1468
-15
rick rush
8:55 Loom
11:23 Feudal Age
15:07 Double-Bit Axe
27:24 Castle Age
31:37 Bloodlines
34:08 Light Cavalry
46:33 Bow Saw
46:05 Horse Collar
47:05 Wheelbarrow
53:46 Imperial Age
56:19 Imperial Age
57:06 Imperial Age
digitallimao
12:33 Feudal Age
16:51 Castle Age
16:01 Double-Bit Axe
15:57 Horse Collar
16:12 Stone Mining
17:16 Fletching
18:33 Bow Saw
18:31 Loom
21:09 Bodkin Arrow
22:44 Padded Archer Armor
24:08 Wheelbarrow
26:52 Town Watch
29:30 Leather Archer Armor
33:30 Hand Cart
36:51 Ballistics
40:17 Imperial Age
38:42 Town Patrol
40:01 Caciques
41:03 Bracer
40:25 Onager
42:26 Chemistry
41:10 Horse Collar
42:29 Ring Archer Armor
42:21 Conscription
42:51 Elite Blackwood Archer
43:15 Capped Ram
46:05 Heavy Plow
45:56 Gold Mining
46:42 Squires
46:02 Champi Runner
47:04 Siege Ram
47:59 Champi Warrior
48:40 Scale Mail Armor
50:32 Elite Champi Warrior
51:30 Chain Mail Armor
51:39 Curare
53:10 Plate Mail Armor
53:36 Hoardings
52:43 Treadmill Crane
54:48 Forging
twitch: aoe2_billybadbeat III
5:03 Loom
14:55 Feudal Age
16:06 Town Watch
18:59 Castle Age
16:57 Double-Bit Axe
17:31 Horse Collar
17:47 Fletching
23:21 Bodkin Arrow
33:34 Ballistics
40:11 Wheelbarrow
43:00 Imperial Age
43:11 Imperial Age
47:09 Heavy Scorpion
48:08 Hand Cart
49:44 Town Patrol
52:57 Bow Saw
Voit3ch_
10:46 Feudal Age
11:07 Loom
11:19 Double-Bit Axe
17:33 Wheelbarrow
18:06 Bloodlines
20:51 Castle Age
19:21 Scale Barding Armor
20:52 Light Cavalry
21:51 Husbandry
25:36 Horse Collar
26:10 Bow Saw
26:42 Fletching
27:40 Bodkin Arrow
29:11 Padded Archer Armor
31:00 Ballistics
30:56 Leather Archer Armor
33:16 Hand Cart
38:53 Imperial Age
36:52 Stone Mining
36:53 Gold Mining
38:02 Heavy Plow
38:57 Stone Shaft Mining
39:51 Bracer
40:53 Chemistry
42:23 Masonry
41:45 Elite Mangudai
42:59 Thumb Ring
46:12 Conscription
46:29 Hoardings
46:29 Coinage
47:56 Town Watch
49:24 Parthian Tactics
51:56 Chain Barding Armor
Connection lost

Rejoining the realm…

Still unreachable

The connection could not be restored.

Session expired

The server has moved on; the page needs a fresh start.